 Dungeon Crawl Stone Soup version 0.31-a0-818-ge7c7cf74f0 (webtiles) character file.

Game seed: 1278428256226696857

9 Essalna the Digger (level 2, 19/19 HPs)
             Began as a Demonspawn Earth Elementalist on Sept 23, 2023.
             Got out of the dungeon alive.
             The game lasted 00:00:50 (250 turns).

Essalna the Digger (Demonspawn Earth Elementalist)   Turns: 250, Time: 00:00:50

Health: 19/19      AC:  2    Str:  8    XL:     2   Next: 3%
Magic:  5/5        EV: 12    Int: 16    God:
Gold:   12         SH:  0    Dex: 13    Spells: 4/5 levels left

rFire   . . .        (no weapon)
rCold   . . .        (no shield)
rNeg    . . .        a - +0 robe
rPois   .            (no helmet)
rElec   .            (no cloak)
rCorr   .            (no gloves)
SInv    .            (no boots)
Will    .....        (no amulet)
Stlth   ++           (no ring)
HPRegen 0.23/turn    (no ring)
MPRegen 0.09/turn

%: no passive effects
@: no status effects
A: demonic touch 1
a: no special abilities


You escaped.
You visited 1 branch of the dungeon, and saw 1 of its levels.

You collected 12 gold pieces.

Inventory:

Armour
 a - a +0 robe (worn)
Scrolls
 d - a scroll of identify {unknown}
 e - a scroll of blinking {unknown}
Potions
 b - a potion of magic
 c - a potion of mutation {unknown}


   Skills:
 - Level 1.7 Dodging
 - Level 1.7 Stealth
 + Level 2.3 Spellcasting
 - Level 0.8 Transmutations
 + Level 3.0 Earth Magic


You had 4 spell levels left.
You knew the following spells:

 Your Spells              Type           Power      Damage    Failure   Level
a - Sandblast             Erth           22%        2d7       6%          1

Your spell library contained the following spells:

 Spells                   Type           Power      Damage    Failure   Level
 Passwall                 Tmut/Erth      6%         N/A       14%         2
 Stone Arrow              Conj/Erth      12%        3d7       32%         3
 Petrify                  Tmut/Erth      8%         N/A       65%         4
 Brom's Barrelling Bould  Conj/Erth      6%         2d3       71%         4


Dungeon Overview and Level Annotations

Branches:
Dungeon (1/15)

Altars:


Innate Abilities, Weirdness & Mutations

Your touch may inflict minor irresistible damage on your foes.


Message History

You are out of magic!
You hit the dart slug but do no damage.
The dart slug is almost dead.
The dart slug launches a dart at you. The slug dart misses you.
You hit the dart slug but do no damage.
The dart slug is almost dead.
You hit the dart slug.
You kill the dart slug!
Your Earth Magic skill increases to level 3!
No target in view!
No target in view!
You see here a dart slug corpse.
Found a stone staircase leading down.
You see here a frilled lizard corpse.
d - a scroll labelled IMMANA VIVIMAE
e - a scroll labelled IREELI KOITOYL The kobold shouts!
You see here a dart slug corpse.
A kobold is nearby!
A kobold is nearby!
A kobold is nearby!
A kobold is nearby!
There is a stone staircase leading down here.
You see here 9 gold pieces.
The blast of sand hits the kobold.
The kobold is heavily wounded.
The kobold hits you with a +1 short sword of speed.
The blast of sand hits the kobold!
You kill the kobold!
You have reached level 2!
Your demonic ancestry asserts itself...
Your hands begin to faintly glow with unholy energy.
You now have 12 gold pieces (gained 9).
Found a scroll labelled QESTIOQ JIOGRE.
You see here a +1 short sword of speed.
You open the door.
There is an open door here.
There is a staircase leading out of the dungeon here.
You have escaped!

.###### ............. #####
............ ##~≈≈## ....?......
##≈~P≈≈## .# #...###~~~.≈≈~## ##
#...##≈~P.8.P~~# ###
#...##≈~.....~≈## ..#
###...#8~.......~8##
#.###......'.P8.@.8P.'.##
....#......8~.......~8..# ######
#.#.#.##.###~~.....~~##.####.....
#.#.#.##...#≈~P.8.P~≈#.......####
.........#.##~~≈.~~~##...##..#
..#.#.#.....##≈≈P≈≈##.##.....#
....#........##≈≈≈##..#####.##
.####.........#####...#####.# .#
####.####.##............#


There were no monsters in sight!

Vanquished Creatures
  2 dart slugs (D:1)
  A ball python (D:1)
  A kobold (D:1)
  A frilled lizard (D:1)
5 creatures vanquished.

Notes
Turn   | Place    | Note
-------+----------+-------------------------------------------
     0 | D:1      | Essalna the Demonspawn Earth Elementalist began the quest
                  | for the Orb.
     0 | D:1      | Reached XP level 1. HP: 13/13 MP: 3/3
   131 | D:1      | Reached skill level 3 in Earth Magic
   183 | D:1      | Gained mutation: Your touch may inflict minor irresistible
                  | damage on your foes. [demonic ancestry]
   183 | D:1      | Reached XP level 2. HP: 17/19 MP: 1/5
   250 | D:$      | Got out of the dungeon alive.

Illustrated notes

Levels and vault maps discovered:
D:1:      lightli_arrival_statuegarden, layout_loops_cross, minmay_lizard_pond

Skill      XL: |  1 |
---------------+----+-----
Earth Magic    | 3 |  3.0
Dodging        | |  1.7
Stealth        | |  1.7
Spellcasting   | |  2.3
Transmutations | |  0.8

Action                     || total
---------------------------++-------
  Melee: Unarmed           ||     7
   Cast: Sandblast         ||     9
 Armour: Robe              ||     5
  Dodge: Dodged            ||     4

Table legend: (Time is in decaauts)
 A = Elapsed time spent in this place.
 B = Non-inter-level travel time spent in this place.
 C = Inter-level travel time spent in this place.
 D = Time resting spent in this place.
 E = Time spent auto-exploring this place.
 F = Levels seen in this place.
 G = Mean time per level.
                   A        B        C        D        E       F      G
               +--------+--------+--------+--------+--------+-----+--------+
         Total |    254 |    232 |     22 |      0 |    178 |   1 |  254.0 |
       Dungeon |    254 |    232 |     22 |      0 |    178 |   1 |  254.0 |
               +--------+--------+--------+--------+--------+-----+--------+

Top non-repeatable levels by time:
     D:1: 254 daAuts
